 Dungeon Crawl Stone Soup version 0.29.1-2-gbd0b4ee654 (webtiles) character file.

Game seed: 17142299255642812508

114073 Godmorgon the Bludgeoner (level 17, -7/124 HPs)
             Began as a Formicid Abyssal Knight on Oct 24, 2022.
             Was the Champion of Lugonu.
             Mangled by a swamp worm (30 damage)
             ... called by a spriggan druid
             ... on level 2 of the Swamp.
             The game lasted 02:35:06 (33778 turns).

Godmorgon the Bludgeoner (Formicid Abyssal Knight) Turns: 33778, Time: 02:35:07

Health: -7/124     AC: 29    Str: 31    XL:     17   Next: 19%
Magic:  31/31      EV:  8    Int: 10    God:    Lugonu [******]
Gold:   967        SH: 18    Dex: 13    Spells: 16/16 levels left

rFire   + . .      SeeInvis +   a - +4 dire flail (vorpal)
rCold   + . .      Faith    .   t - +2 kite shield
rNeg    . . .      Spirit   .   R - +8 chain mail "Postafy" {Str+2}
rPois   +          Reflect  +   (helmet unavailable)
rElec   .          Harm     .   e - scarf {rC+ rF+}
rCorr   .          Rampage  .   F - +2 pair of gloves
Will    +....                   E - +0 pair of boots
Stlth   ..........              b - amulet of reflection
HPRegen 0.30/turn               i - +4 ring of slaying
MPRegen 0.22/turn               o - +4 ring of protection

@: studying Short Blades, very slow
A: permanent stasis, dig shafts and tunnels, antennae 3, four strong arms, frail
1, high MP 1, poison resistance, strong 1, noise suppression
a: Dig, Shaft Self, Renounce Religion, Depart the Abyss, Bend Space, Banish,
Corrupt, Enter the Abyss, Brand Weapon With Distortion


You were on level 2 of the Swamp.
You worshipped Lugonu.
Lugonu was exalted by your worship.
You visited 4 branches of the dungeon, and saw 24 of its levels.
You visited the Abyss 1 time.

You collected 2803 gold pieces.
You spent 1836 gold pieces at shops.

Inventory:

Hand Weapons
 a - a +4 vorpal dire flail (weapon)
 C - a +0 great mace
Missiles
 u - 7 throwing nets
 y - 11 curare-tipped darts
 z - 7 boomerangs (quivered)
 D - 3 poisoned darts
 Q - 4 atropa-tipped darts
 T - 10 javelins
 V - 4 silver javelins
Armour
 e - a scarf of resistance (worn)
 t - a +2 kite shield (worn)
 E - a +0 pair of boots (worn)
 F - a +2 pair of gloves (worn)
 R - the +8 chain mail "Postafy" (worn) {Str+2}
   (You found it on level 3 of the Lair of Beasts)

   Str:       It affects your strength (+2).
Jewellery
 b - an amulet of reflection (around neck)
 i - a +4 ring of slaying (left hand)
 o - a +4 ring of protection (right hand)
 G - a ring of flight
 H - a ring of resist corrosion
 U - a ring of fire
Wands
 j - a wand of roots (4)
 q - a wand of polymorph (7)
 v - a wand of paralysis (16)
 x - a wand of digging (10)
 N - a wand of flame (62)
 W - a wand of acid (7)
Scrolls
 c - 4 scrolls of fog
 f - 2 scrolls of poison
 h - 6 scrolls of fear
 m - 3 scrolls of magic mapping
 A - a scroll of summoning
 B - 5 scrolls of vulnerability
 S - 3 scrolls of immolation
 Z - a scroll of torment
Potions
 d - a potion of cancellation {unknown}
 g - 4 potions of heal wounds
 k - 8 potions of lignification
 l - 5 potions of ambrosia
 n - a potion of magic {unknown}
 p - a potion of mutation
 r - 2 potions of resistance
 s - 6 potions of might
 w - 2 potions of flight
 K - 3 potions of invisibility
 O - 2 potions of attraction
 P - 6 potions of curing
Miscellaneous
 Y - a tin of tremorstones (2/2)


   Skills:
 * Level 13.8 Fighting
 * Level 17.1 Maces & Flails
 + Level 10.2 Throwing
 * Level 12.4 Armour
 - Level 0.8 Dodging
 - Level 10.0 Shields
 - Level 15.4 Invocations


You had 16 spell levels left.
You didn't know any spells.
Your spell library was empty.

Dungeon Overview and Level Annotations

Branches:
Dungeon (15/15)            Temple (0/1) D:4            Lair (5/5) D:9
  Swamp (2/4) Lair:3        Snake (0/4) Lair:2        Slime (0/5) Lair:4
    Orc (2/2) D:9             Elf (0/3) Orc:2        Vaults (0/5) D:14
 Depths (0/4) D:15

Altars:
Cheibriados
Dithmenos
Elyvilon
Gozag
Hepliaklqana
Kikubaaqudgha
Qazlal
Trog
Vehumet
Wu Jian
Yredelemnul
The Shining One
Jiyva
Lugonu

Shops:
D:8 [   D:9 =   D:10 (   Orc:2 (!:!

Portals:
Abyss: Lair:5
Pandemonium: Orc:2

Annotations:
D:13 4 transporters
Lair:1 1 runed translucent door, Rudyous's ghost, novice MiFi
Lair:4 2 runed translucent doors, Xyudeake's ghost, journeyman DEFE


Innate Abilities, Weirdness & Mutations

You cannot be hasted, slowed, berserked, paralysed or teleported.
You can dig through walls and to a lower floor.
You have a pair of large antennae on your head. (SInv)
Your four strong arms can wield two-handed weapons with a shield.
You are frail. (-10% HP)
You have an increased reservoir of magic. (+10% MP)
Your system is resistant to poisons. (rPois)
Your muscles are strong. (Str +4, Int/Dex -1)
You passively dampen the noise of your surroundings.


Message History

The foxfire hits you. You resist. You block the spriggan druid's attack.
The swamp worm closely misses you. You block the swamp worm's attack.
You impale the spriggan druid!!
With its final breath, the spriggan druid offers up its power to the beasts of the wild!
The alligator is healed.
The swamp worm is healed.
The swamp worm seems to grow more fierce.
The alligator seems to grow more fierce.
The swamp worm seems to grow more fierce.
You kill the spriggan druid!
Lugonu accepts your kill.
You hear a splash. x2
The foxfire hits you but does no damage.
You resist.
The alligator bites you but does no damage.
The alligator tail-slaps you but does no damage.
You block the swamp worm's attack.
Your unstable footing causes you to fumble your attack.
You block the swamp worm's attack.
The alligator bites you but does no damage.
You block the alligator's attack.
You barely miss the swamp worm. You block the swamp worm's attack. x2
The alligator barely misses you.
The alligator tail-slaps you but does no damage.
The will-o-the-wisp gestures.
The will-o-the-wisp conjures some foxfire! 2 foxfires come into view.
You bludgeon the swamp worm!!
The swamp worm is almost dead.
The foxfire hits you! You resist. The foxfire hits you. You resist.
* * * LOW HITPOINT WARNING * * *
You block the swamp worm's attack. x2; The alligator completely misses you.
You block the alligator's attack.
Your unstable footing causes you to fumble your attack.
You block the swamp worm's attack. x2; You block the alligator's attack.
The alligator tail-slaps you!
* * * LOW HITPOINT WARNING * * *
Your unstable footing causes you to fumble your attack.
You block the will-o-the-wisp's attack. You block the swamp worm's attack.
The swamp worm bites you!!
You die...

♣♣♣.~..~......♣♣
♣♣~.§~.~..~~..♣.♣♣♣........
♣.~..~~...~~..♣♣♣♣........~.
♣♣~♣~♣♣....~~~♣ ♣........~..
♣♣♣♣♣~♣.....♣♣ ♣~..~..~.~.~
♣.~~.~....♣♣♣..~~..§.~..
♣♣~♣~...~.~~...}...~....
♣♣...~..§)w~~....~~§~~.
♣♣.....v@t...~~~..§~~~
♣..~.§~~w............
♣♣~♣~♣♣♣.♣.~♣~....♣.♣ ♣♣♣♣♣
♣♣♣♣♣♣♣♣♣♣♣♣


You could see an alligator (strong, swift), a will-o-the-wisp and 2 swamp worms.

Vanquished Creatures
  2 eleionomae (Swamp:1)
  A bunyip (Swamp:2)
  Erolcha (D:12)
  8 vault guards
  18 hydras
  3 boulder beetles
  A death knight (D:15)
  2 centaur warriors
  4 two-headed ogres
  A demonspawn (Orc:2)
  4 alligators
  2 tengu warriors
  3 orc high priests (Orc:2)
  2 thrashing horrors (Lair:5)
  Sonja (Orc:2)
  8 skeletal warriors
  A goliath frog (Swamp:1)
  Lodul (D:12)
  2 large abominations (Lair:5)
  2 bog bodies
  2 spriggan druids (Swamp:2)
  A swamp dragon (Swamp:2)
  5 orc knights
  A phantasmal warrior (D:15)
  A necromancer (D:15)
  3 deep elf pyromancers
  2 deep elf zephyrmancers (D:15)
  2 wolf spider zombies (D:15)
  3 cyclopes
  8 orc sorcerers (Orc:2)
  5 ugly things
  8 slime creatures (D:13)
  A wolf spider (D:15)
  2 will-o-the-wisps
  5 elephants
  Joseph (Lair:1)
  10 black mambas
  6 centaur zombies (D:15)
  A rust devil (Orc:2)
  13 cane toads
  A smoke demon (Lair:5)
  2 centaur skeletons (D:15)
  A yaktaur (shapeshifter) (Lair:5)
  5 rime drakes
  An unseen horror (D:12)
  3 kobold demonologists (D:11)
  2 efreet
  A tengu conjurer (D:14)
  3 redback zombies (D:15)
  6 komodo dragons
  2 freezing wraiths (D:15)
  A hellwing (Orc:2)
  2 ancient zymes (Lair:5)
  A polar bear (Lair:3)
  19 blink frogs
  A tyrant leech (Lair:3)
  A wolf spider simulacrum (D:15)
  3 hornets
  9 trolls
  A bloated husk (Swamp:1)
  2 meliai zombies (D:15)
  5 dream sheep
  A spriggan (shapeshifter) (D:15)
  A wraith (D:10)
  A water elemental (D:13)
  2 vampires
  45 yaks
  A spriggan (Swamp:1)
  A shadow (D:9)
  4 ynoxinuls
  9 basilisks
  9 vampire mosquitoes
  A neqoxec (D:3)
  11 wyverns
  2 chaos spawn (Lair:5)
  2 steam dragons
  8 swamp worms
  6 wargs (Orc:1)
  6 nagas
  4 swamp drakes
  2 sky beasts
  21 water moccasins
  34 orc warriors
  4 ice beasts
  A hornet zombie (D:15)
  12 ogres
  3 black bears
  9 wolves
  3 centaurs
  A phantom (D:6)
  2 kobold brigands
  13 bullfrogs
  12 small abominations (Lair:5)
  A necrophage (D:5)
  3 gnoll sergeants
  5 scorpions
  8 wights
  16 killer bees
  A killer bee (shapeshifter) (Lair:5)
  10 howler monkeys
  3 electric eels
  A hound (D:6)
  5 jellies
  25 orc priests
  Crazy Yiuf (D:2)
  4 iguanas
  Jessica (D:2)
  26 orc wizards
  4 hell rats (Lair:5)
  2 boggart zombies (D:15)
  A boggart skeleton (D:15)
  Robin (D:3)
  17 gnolls
  7 adders
  A shadow imp (D:7)
  An ufetubus (D:6)
  2 worms
  2 dart slugs
  86 orcs
  8 bats
  11 endoplasms
  7 giant cockroaches
  13 goblins
  5 hobgoblins
  2 jackals (D:4)
  11 kobolds
  3 quokkas
  3 ball pythons
  A frilled lizard (D:1)
  4 rats (D:1)
752 creatures vanquished.

Vanquished Creatures (collateral kills)
  A wizard (D:14)
  An efreet (D:14)
2 creatures vanquished.

Vanquished Creatures (others)
  2 bloated husks
  2 vampire mosquitoes (Swamp:2)
  A swamp worm (Swamp:1)
  A quokka (D:3)
  16 foxfires (Swamp:2)
  20 fungi
  65 plants
107 creatures vanquished.

Grand Total: 861 creatures vanquished

Notes
Turn   | Place    | Note
-------+----------+-------------------------------------------
     0 | Abyss:1  | Godmorgon the Formicid Abyssal Knight began the quest for
                  | the Orb.
     0 | Abyss:1  | Reached XP level 1. HP: 18/18 MP: 2/2
     1 | Abyss:1  | Found a corrupted altar of Lugonu.
    23 | Abyss:1  | Found a corrupted altar of Lugonu.
    58 | D:1      | Escaped the Abyss
   338 | D:1      | Reached XP level 2. HP: 23/24 MP: 3/3
   425 | D:1      | Found a faded altar of an unknown god.
   877 | D:2      | Reached XP level 3. HP: 23/29 MP: 3/5
  1113 | D:2      | Reached skill level 3 in Maces & Flails
  1247 | D:2      | Reached XP level 4. HP: 37/37 MP: 6/6
  1331 | D:2      | Found a glowing golden altar of the Shining One.
  1426 | D:2      | Found a runed translucent door.
  1427 | D:2      | Noticed Crazy Yiuf
  1434 | D:2      | Killed Crazy Yiuf
  1610 | D:2      | Noticed Jessica
  1616 | D:2      | Killed Jessica
  1617 | D:2      | Reached XP level 5. HP: 42/42 MP: 7/7
  1997 | D:3      | Noticed Robin
  2012 | D:3      | Killed Robin
  2013 | D:3      | Reached *** piety under Lugonu
  2185 | D:3      | Noticed Grinder
  2186 | D:3      | Noticed Grinder
  2186 | D:3      | Grinder changed into Grinder the neqoxec
  2188 | D:3      | Gained mutation: You are dopey. (Int -2) [Grinder]
  2192 | D:3      | Gained mutation: You occasionally lose the ability to read
                  | scrolls when taking damage. [Grinder]
  2197 | D:3      | Killed Grinder the neqoxec
  2198 | D:3      | Reached skill level 4 in Maces & Flails
  2198 | D:3      | Reached XP level 6. HP: 43/49 MP: 7/9
  2508 | D:3      | Found a white marble altar of Elyvilon.
  3028 | D:4      | Found a staircase to the Ecumenical Temple.
  3046 | D:3      | Reached skill level 5 in Maces & Flails
  3046 | D:3      | Reached XP level 7. HP: 51/55 MP: 10/10
  3111 | D:4      | Reached skill level 5 in Fighting
  3375 | D:4      | Found a stormy altar of Qazlal.
  3478 | D:4      | Found a shadowy altar of Dithmenos.
  3496 | D:4      | Found an ornate altar of the Wu Jian Council.
  3536 | D:4      | Found a radiant altar of Vehumet.
  3647 | D:4      | Found an ancient bone altar of Kikubaaqudgha.
  3647 | D:4      | Found a bloodstained altar of Trog.
  3748 | D:5      | Entered Level 5 of the Dungeon
  3836 | D:5      | Reached skill level 5 in Invocations
  4113 | D:5      | Reached skill level 6 in Maces & Flails
  4194 | D:5      | Reached XP level 8. HP: 62/63 MP: 10/12
  4305 | D:5      | HP: 2/62 [wight/+4 trident (7)]
  4312 | D:5      | HP: 2/62 [wight/+4 trident (2)]
  4793 | D:4      | Reached **** piety under Lugonu
  4959 | D:5      | Reached skill level 7 in Maces & Flails
  5060 | D:6      | Reached XP level 9. HP: 62/71 MP: 13/13
  5072 | D:6      | Identified the +1 scale mail "Pouv" {Stlth+}
  5149 | D:6      | Reached skill level 1 in Throwing
  5289 | D:6      | Reached skill level 8 in Maces & Flails
  5968 | D:6      | Noticed a hornet
  5978 | D:6      | Killed a hornet
  6770 | D:7      | Noticed a green ugly thing
  6782 | D:7      | Killed a green ugly thing
  6783 | D:7      | Reached skill level 9 in Maces & Flails
  6783 | D:7      | Reached XP level 10. HP: 45/79 MP: 15/15
  7103 | D:7      | Identified the +5 ring mail of the Thistle {Str+3 Stlth+}
  7159 | D:7      | Reached skill level 5 in Throwing
  7566 | D:8      | Found Xiat's Antique Armour Boutique.
  7572 | D:8      | Bought a pair of glowing gloves for 135 gold pieces
  8354 | D:8      | Noticed a two-headed ogre
  8369 | D:8      | Killed a two-headed ogre
  8381 | D:8      | Found a large runed translucent door.
  8383 | D:8      | Found a large runed translucent door.
  8440 | D:8      | Reached skill level 10 in Maces & Flails
  8453 | D:8      | Reached ***** piety under Lugonu
  8519 | D:8      | Found a snail-covered altar of Cheibriados.
  8528 | D:8      | Found a hazy altar of Hepliaklqana.
  8595 | D:9      | Noticed a two-headed ogre
  8615 | D:9      | Killed a two-headed ogre
  8616 | D:9      | Reached XP level 11. HP: 87/87 MP: 17/17
  8681 | D:9      | Found Esotwin's Jewellery Emporium.
  9034 | D:9      | Found a staircase to the Lair.
  9662 | D:9      | Found a staircase to the Orcish Mines.
 10056 | Lair:1   | Entered Level 1 of the Lair of Beasts
 10080 | Lair:1   | Reached skill level 1 in Shields
 10612 | Lair:1   | Reached skill level 11 in Maces & Flails
 10959 | Lair:1   | Found a runed translucent door.
 11337 | Lair:1   | Noticed an elephant
 11337 | Lair:1   | Noticed an elephant
 11341 | Lair:1   | Noticed an elephant
 11353 | Lair:1   | Killed an elephant
 11354 | Lair:1   | Reached XP level 12. HP: 88/95 MP: 19/19
 11372 | Lair:1   | Reached skill level 5 in Shields
 11603 | Lair:1   | Noticed Rudyous's ghost (novice MiFi)
 11643 | Lair:1   | Noticed Joseph
 11664 | Lair:1   | Killed Joseph
 12435 | Lair:2   | Reached skill level 10 in Invocations
 12465 | Lair:2   | Found a staircase to the Snake Pit.
 12744 | Lair:2   | Reached skill level 12 in Maces & Flails
 13842 | Lair:3   | Reached skill level 10 in Fighting
 14017 | Lair:3   | Reached skill level 10 in Throwing
 14212 | Lair:3   | Reached XP level 13. HP: 38/103 MP: 21/21
 14254 | Lair:3   | Reached skill level 13 in Maces & Flails
 14899 | Lair:3   | Noticed a seven-headed hydra
 15173 | Lair:3   | Noticed a seven-headed hydra
 15451 | Lair:3   | Noticed Nessos
 15457 | Lair:3   | Noticed Nessos
 15457 | Lair:3   | Nessos changed into Nessos the cyclops
 15473 | Lair:3   | Killed Nessos the cyclops
 15722 | Lair:3   | Killed a seven-headed hydra
 15832 | Lair:3   | Noticed a four-headed hydra
 15835 | Lair:3   | Killed a seven-headed hydra
 15843 | Lair:3   | Killed a four-headed hydra
 15844 | Lair:3   | Reached skill level 14 in Maces & Flails
 16193 | Lair:3   | Found a staircase to the Swamp.
 16369 | Lair:3   | Noticed a seven-headed hydra
 16375 | Lair:3   | Killed a seven-headed hydra
 16405 | Lair:3   | Noticed a five-headed hydra
 16418 | Lair:3   | Killed a five-headed hydra
 16513 | Lair:3   | Noticed a four-headed hydra
 16774 | Lair:4   | Noticed a four-headed hydra
 16786 | Lair:4   | Killed a four-headed hydra
 16998 | Lair:3   | Killed a four-headed hydra
 17290 | Lair:3   | Noticed a boulder beetle
 17299 | Lair:3   | Killed a boulder beetle
 17362 | Lair:3   | Noticed an eight-headed hydra
 17394 | Lair:4   | Killed an eight-headed hydra
 17395 | Lair:4   | Reached skill level 15 in Maces & Flails
 17617 | Lair:3   | Noticed a boulder beetle
 17634 | Lair:3   | Killed a boulder beetle
 17832 | Lair:3   | Reached XP level 14. HP: 110/110 MP: 23/23
 17869 | Lair:3   | Identified the +8 chain mail "Postafy" {Str+2}
 18455 | Lair:4   | Found a runed translucent door.
 18455 | Lair:4   | Found a viscous altar of Jiyva.
 18982 | Lair:4   | Found a staircase to the Slime Pits.
 18995 | Lair:4   | Found a large runed translucent door.
 18996 | Lair:4   | Found a large runed translucent door.
 18999 | Lair:4   | Noticed Xyudeake's ghost (journeyman DEFE)
 19346 | Lair:5   | Entered Level 5 of the Lair of Beasts
 19907 | Lair:5   | Reached ****** piety under Lugonu
 20137 | Lair:5   | Reached skill level 5 in Armour
 22575 | Lair:5   | Reached XP level 15. HP: 113/119 MP: 25/25
 22619 | Lair:5   | Found a corrupted altar of Lugonu.
 22619 | Lair:5   | Found a one-way gate to the infinite horrors of the Abyss.
 22632 | Lair:5   | Identified the amulet of Impatience {Regen+ Stlth+}
 22890 | D:10     | Entered Level 10 of the Dungeon
 23173 | D:10     | Found Hirer's Weapon Shop.
 24024 | D:11     | Gained mutation: Your body sometimes deteriorates upon
                  | taking damage. [a neqoxec]
 24033 | D:11     | Reached skill level 16 in Maces & Flails
 24226 | D:11     | Lost mutation: Your body sometimes deteriorates upon taking
                  | damage. [potion of mutation]
 24226 | D:11     | Lost mutation: You occasionally lose the ability to read
                  | scrolls when taking damage. [potion of mutation]
 24226 | D:11     | Gained mutation: You are frail. (-10% HP) [potion of
                  | mutation]
 24227 | D:11     | Lost mutation: You are frail. (-10% HP) [potion of
                  | mutation]
 24227 | D:11     | Lost mutation: You are dopey. (Int -2) [potion of mutation]
 24227 | D:11     | Gained mutation: You are frail. (-10% HP) [potion of
                  | mutation]
 24227 | D:11     | Gained mutation: Your flesh is cold resistant. (rC+)
                  | [potion of mutation]
 24227 | D:11     | Gained mutation: You are partially covered in iridescent
                  | scales. (AC +2) [potion of mutation]
 24308 | D:9      | Lost mutation: You are partially covered in iridescent
                  | scales. (AC +2) [potion of mutation]
 24308 | D:9      | Lost mutation: Your flesh is cold resistant. (rC+) [potion
                  | of mutation]
 24308 | D:9      | Gained mutation: Your system is resistant to poisons.
                  | (rPois) [potion of mutation]
 24308 | D:9      | Gained mutation: Your muscles are strong. (Str +4, Int/Dex
                  | -1) [potion of mutation]
 24308 | D:9      | Gained mutation: You passively dampen the noise of your
                  | surroundings. [potion of mutation]
 24308 | D:9      | Gained mutation: You have an increased reservoir of magic.
                  | (+10% MP) [potion of mutation]
 24370 | D:12     | Noticed Erolcha
 24382 | D:12     | Killed Erolcha
 25062 | D:12     | Noticed Lodul
 25070 | D:12     | Killed Lodul
 25317 | D:12     | Found an opulent altar of Gozag.
 25548 | D:13     | Found a transporter.
 25584 | D:13     | Found a transporter.
 25853 | D:9      | Bought a +4 ring of slaying for 1170 gold pieces
 25929 | D:13     | Found a transporter.
 25942 | D:13     | Found a transporter.
 27251 | D:14     | Reached skill level 10 in Armour
 27364 | D:14     | Found a gate to the Vaults.
 27596 | D:14     | Found a shadowy altar of Dithmenos.
 27830 | D:15     | Entered Level 15 of the Dungeon
 27927 | D:15     | Found a basalt altar of Yredelemnul.
 27935 | D:15     | Reached skill level 15 in Invocations
 27938 | D:15     | Reached XP level 16. HP: 114/114 MP: 29/29
 27957 | D:15     | Identified the +5 war axe "Viratico" {flame, rElec rPois
                  | rN+ Str-4 Dex+2}
 29005 | D:15     | Found a staircase to the Depths.
 29335 | Orc:1    | Entered Level 1 of the Orcish Mines
 29556 | Orc:2    | Entered Level 2 of the Orcish Mines
 29556 | Orc:2    | Found a staircase to the Elven Halls.
 30098 | Orc:2    | Noticed Sonja
 30105 | Orc:2    | Killed Sonja
 30770 | Orc:2    | Found Bucoig's Distillery.
 30891 | Orc:2    | Found Rilefeez's Distillery.
 31824 | Orc:2    | Found Neadekh's Antique Weapon Shop.
 31824 | Orc:2    | Found Vudac's Book Boutique.
 31824 | Orc:2    | Found a one-way gate leading to the halls of Pandemonium.
 31871 | Orc:2    | Bought a potion of heal wounds for 65 gold pieces
 31871 | Orc:2    | Bought a potion of invisibility for 104 gold pieces
 31871 | Orc:2    | Bought a potion of invisibility for 104 gold pieces
 31871 | Orc:2    | Bought a potion of curing for 39 gold pieces
 31871 | Orc:2    | Bought a potion of heal wounds for 65 gold pieces
 31873 | Orc:2    | Bought a potion of might for 56 gold pieces
 31873 | Orc:2    | Bought a potion of might for 56 gold pieces
 31873 | Orc:2    | Bought a potion of curing for 42 gold pieces
 32141 | Swamp:1  | Entered Level 1 of the Swamp
 32397 | Swamp:1  | Reached skill level 10 in Shields
 32904 | Swamp:1  | Reached XP level 17. HP: 108/123 MP: 31/31
 33313 | Swamp:2  | Reached skill level 17 in Maces & Flails
 33778 | Swamp:2  | Mangled by a swamp worm

Illustrated notes

Levels and vault maps discovered:
D:1:      shiori_shiawase, layout_basic, chequers_ecumenical_altar_simple
D:2:      layout_basic, basic_altar, uniq_crazy_yiuf_cottage, uniq_jessica
D:3:      layout_loops_corners, elyvilon_altar_4, uniq_robin, uniq_grinder
D:4:      layout_cave_pools, mainiacjoe_overflow_cross_hatched,
          nicolae_wu_jian_immortal_techniques, general_overflow_altar,
          gammafunk_temple_overflow_statue, mainiacjoe_overflow_boulevard,
          minmay_temple_entry_overgrown, abandoned_shop
D:5:      layout_basic
D:6:      layout_basic, st_stairs_7
D:7:      layout_loops_ring, st_stairs_2, minmay_manual_mail
D:8:      layout_cave_pools, jmf_multi_god_temple2, serial_shops,
          nicolae_square_shop
D:9:      layout_gridville, lair_entry_dummy, hiddenorc1_lemuel, serial_shops,
          shop, nicolae_elevator_lobby_asterisk
D:10:     layout_small_grid, serial_shops, kennysheep_mini_moat
D:11:     layout_loops_ring, roderic_serpentine_path,
          hangedman_abyss_or_decor_passed, hangedman_abyss_or_decor_slice
D:12:     layout_roguey, grunt_gozag_breadcrumbs, uniq_erolcha, uniq_lodul
D:13:     layout_big_octagon, nicolae_transporter_intersection
D:14:     layout_rooms, erik_vaults_2, minmay_crystal_water, drop_trap,
          nicolae_dithmenos_shadow_blocks
D:15:     grunt_enter_depths_magical_seal, layout_rooms, hangedman_glass_teeth,
          nicolae_wwwww, nicolae_yredelemnul_corpse_copse
Lair:1:   layout_loops_ring, gammafunk_ghost_grave, lemuel_fruit_fields,
          uniq_joseph
Lair:2:   layout_long_grid, minmay_snake_entry_guardpost_medium
Lair:3:   nzn_winding_woodlands_huge [nzn_winding_woodlands_5x15_sawtooth,
          nzn_winding_woodlands_5x15_pathside_ponds,
          nzn_winding_woodlands_5x15_garden, nzn_winding_woodlands_5x15_pockets,
          nzn_winding_woodlands_5x15_parted, nzn_winding_woodlands_5x15_eye,
          nzn_winding_woodlands_5x15_zeroes, nzn_winding_woodlands_5x15_twine,
          nzn_winding_woodlands_5x15_crooked,
          nzn_winding_woodlands_5x15_concentric,
          nzn_winding_woodlands_center_pierced_h,
          nzn_winding_woodlands_center_triple_pond,
          nzn_winding_woodlands_15x15_five_gardens], layout_long_grid,
          palyth_hydra_swamp_entry, ldierk_geyser, uniq_nessos
Lair:4:   layout_small_grid, slime_entry_2, ebering_ghost_disaster_area,
          serial_bayou, serial_bayou_pond_e, serial_bayou_ford_a,
          serial_bayou_pond_d, serial_bayou_pond_a
Lair:5:   hellmonk_lair_end_abyssal_woods, layout_gridlike,
          infiniplex_staircase_pool_2
Swamp:1:  layout_basic_swamp, nicolae_swamp_little_swirl,
          nicolae_swamp_stuck_in_the_mud
Swamp:2:  layout_basic_swamp, nicolae_swamp_trees_clearing
Orc:1:    layout_caves, mines5_lemuel
Orc:2:    pf_orc_diabolical, layout_caves, basic_altar, uniq_sonja, uniq_snorg

Skill      XL: |  1  2  3  4  5  6  7  8  9 10 11 12 13 14 15 16 17 |
---------------+----------------------------------------------------+-----
Maces & Flails | 3 4 5 6 7 9 10 11 12 15 16 17 | 17.1
Invocations    | 3 4 5 6 7 8 9 10 13 14 15 | 15.4
Fighting       | 4 5 6 7 8 9 10 11 12 13 | 13.8
Throwing       | 4 6 8 10 | 10.2
Shields        | 4 5 7 10 | 10.0
Armour         | 7 10 12 | 12.4
Dodging        | |  0.8

Action                   |  1- 3 |  4- 6 |  7- 9 | 10-12 | 13-15 | 16-18 || total
-------------------------+-------+-------+-------+-------+-------+-------++-------
Melee: Mace              |    72 |   120 |    59 |       |       |       ||   251
       Unarmed           |       |     4 |       |       |       |       ||     4
       Flail             |       |       |    56 |       |       |       ||    56
       Punch             |       |       |     2 |     4 |       |       ||     6
       Dire flail        |       |       |   117 |   477 |  1069 |   579 ||  2242
Throw: Boomerang         |       |       |    21 |   143 |   131 |   120 ||   415
       Dart              |       |       |     2 |    19 |    27 |     3 ||    51
Invok: Bend Space        |       |       |     4 |       |       |       ||     4
       Banish            |       |       |       |       |     4 |       ||     4
 Abil: Dig               |       |       |       |       |       |     1 ||     1
Evoke: Wand              |       |     1 |    10 |       |    22 |     3 ||    36
  Use: Scroll            |       |       |    11 |     4 |    12 |       ||    27
       Potion            |       |       |       |     4 |     3 |     1 ||     8
 Stab: Sleeping          |       |       |       |     1 |     1 |       ||     2
       Distracted        |       |       |       |       |     2 |       ||     2
       Paralysed         |       |       |       |       |       |     2 ||     2
Armor: Leather armour    |    14 |       |       |       |       |       ||    14
       Ring mail         |     6 |       |       |   183 |   104 |       ||   293
       Scale mail        |     4 |    58 |     7 |       |       |       ||    69
       Chain mail        |       |       |   135 |     8 |   469 |   234 ||   846
Dodge: Dodged            |    44 |    68 |    96 |   194 |   306 |   115 ||   823
Block: Buckler           |       |       |       |    43 |   213 |       ||   256
       Kite shield       |       |       |       |       |    91 |   440 ||   531
       Reflection        |       |       |       |       |     7 |    16 ||    23
